 Dungeon Crawl Stone Soup version 0.30-a0-883-g5ad918d (webtiles) character file.

Game seed: 18264609849470728302

808 Think the Nimble (level 7, -2/46 HPs)
             Began as an Octopode Fighter on Mar 17, 2023.
             Was a Believer of Elyvilon.
             Slain by an orc wizard
             ... wielding a +0 mace
              (5 damage)
             ... on level 6 of the Dungeon.
             The game lasted 00:10:35 (5017 turns).

Think the Nimble (Octopode Fighter)                 Turns: 5017, Time: 00:10:36

Health: -2/46      AC:  1    Str: 21    XL:     7   Next: 92%
Magic:  7/7        EV: 16    Int: 10    God:    Elyvilon [**....]
Gold:   229        SH:  5    Dex: 14    Spells: 6/6 levels left

rFire   . . .      SeeInvis .    a - +1 long sword (venom)
rCold   . . .      Faith    .    b - +0 buckler
rNeg    . . .      Spirit   .    (helmet restricted)
rPois   .          Reflect  .    (no amulet)
rElec   .          Rampage  .    j - +6 ring of strength
rCorr   .                        (no ring)
Will    .....                    (no ring)
Stlth   ++                       (no ring)
HPRegen 0.27/turn                (no ring)
MPRegen 0.10/turn                (no ring)
                                 (no ring)
                                 (no ring)

@: attractive
A: almost no armour, amphibious, 8 rings, camouflage 1, gelatinous body 1,
(nimble swimmer 1), tentacles
a: Renounce Religion, Purification, Heal Other


You were on level 6 of the Dungeon.
You worshipped Elyvilon.
Elyvilon was pleased with you.
You visited 2 branches of the dungeon, and saw 7 of its levels.

You collected 229 gold pieces.

Inventory:

Hand Weapons
 a - a +1 long sword of venom (weapon)
 c - a +1 falchion of holy wrath
Missiles
 f - 2 throwing nets (quivered)
 o - 4 datura-tipped darts
 p - 5 curare-tipped darts
Armour
 b - a +0 buckler (worn)
Jewellery
 j - a +6 ring of strength (left tentacle)
Wands
 h - a wand of digging (5)
 s - a wand of iceblast (4)
Scrolls
 d - 3 scrolls of teleportation
 e - a scroll of butterflies
 g - a scroll of enchant weapon
 k - a scroll of vulnerability
 l - a scroll of torment
 m - a scroll of blinking
 q - a scroll of identify
Potions
 i - 2 potions of curing


   Skills:
 - Level 3.0 Fighting
 * Level 4.8 Long Blades
 - Level 8.0 Dodging
 - Level 3.0 Shields


You had 6 spell levels left.
You didn't know any spells.
Your spell library contained the following spells:

 Spells                   Type           Power      Damage    Failure   Level
 Apportation              Tloc           0%         N/A       45%         1
 Necrotise                Necr           0%         1d4       45%         1
 Summon Small Mammal      Summ           0%         N/A       45%         1
 Cigotuvi's Dreadful Rot  Necr/Pois/Air  0%         N/A       58%         2
 Ensorcelled Hibernation  Hex/Ice        0%         N/A       58%         2
 Call Canine Familiar     Summ           0%         N/A       83%         3
 Inner Flame              Hex/Fire       0%         N/A       83%         3
 Spider Form              Tmut/Pois      0%         N/A       83%         3
 Summon Guardian Golem    Hex/Summ       0%         N/A       83%         3
 Anguish                  Hex/Necr       0%         N/A       99%         4
 Cause Fear               Hex            0%         N/A       99%         4
 Dispel Undead            Necr           0%         3d6       99%         4
 Death Channel            Necr           0%         N/A       100%        6
 Discord                  Hex            0%         N/A       100%        8


Dungeon Overview and Level Annotations

Branches:
Dungeon (6/15)             Temple (1/1) D:4

Altars:
Ashenzari
Dithmenos
Elyvilon
Hepliaklqana
Kikubaaqudgha
Makhleb
Nemelex Xobeh
Okawaru
Qazlal
Sif Muna
Uskayaw
Vehumet
Wu Jian
The Shining One

Shops:
D:2 ([?   D:4 =   D:5 (

Annotations:
D:6 3 runed translucent doors, Caerwyn's ghost, novice KoEn


Innate Abilities, Weirdness & Mutations

You cannot wear most types of armour.
You are amphibious.
You can wear up to eight rings at the same time.
Your skin changes colour to match your surroundings (Stealth+).
Your rubbery body absorbs attacks. (AC +1, EV +1)
((You are camouflaged when in or above water. (Stealth+)))
You have tentacles for arms and can constrict up to eight enemies at once.


Message History

You hear some strange, mumbled words.
Something tries to affect you, but you resist.
You feel better.
You hear some strange, mumbled words.
You closely miss something. You slash something!
Something falls into the lava!
You hear a sizzling splash. x4
Reactivating autopickup.
You feel a bit more experienced. Something is attracted toward you.
The orc is attracted toward you.
Deactivating autopickup; reactivate with Ctrl-A.
You slash something! Your squeeze misses something. Something hits you.
You closely miss something. You squeeze something.
You hear some strange, mumbled words.
You are confused.
You nearly stumble into some lava!
Something hits you.
You miss something. Something hits you.
You bump into the rock wall.
Something closely misses you.
You miss something. Something hits you. Something hits you!
* * * LOW HITPOINT WARNING * * *
You nearly stumble into some lava!
You hear some strange, mumbled words.
You are more confused.
You miss something. Something barely misses you. Something barely misses you.
An orc wizard appears from thin air!
Reactivating autopickup.
The orc wizard gestures at you while chanting.
The magic dart hits you!
* * * LOW HITPOINT WARNING * * *
The orc wizard is attracted toward you. The orc is attracted toward you. x2
You closely miss the orc wizard.
The orc wizard is severely wounded.
The orc wizard closely misses you.
You bump into the rock wall.
The orc wizard barely misses you.
You bump into the rock wall.
The orc wizard hits you with a +0 mace. Elyvilon protects you from harm!
You bump into the rock wall.
You feel less confused. The orc wizard hits you with a +0 mace.
You die...

......#....§§..§.§.....≈...#.###
.#.#..#....≈.≈≈≈§§§≈≈≈.§...+....
.#..o+....≈.≈_≈§§...≈.≈...#.###
....Y+....≈.≈.≈§≈.≈.§§≈.###.# .
#.YW+....≈.≈...≈.≈_≈§≈.###.#
..#.#SK#...(≈.≈≈≈≈§.§§≈§§...#.#
.....FJ#...(≈.!...≈.....≈...#.#
########....§§≈§≈.≈≈≈≈≈≈§.#.#.#
.............ooo@.......§.#.#.#
............§########.'#§.#..
...#####......... ........# #.
.# #.###########...#.... .# #.#
.....#....# # #.# ...........#
#.# #.#.........# ...
#.#...####..#


You could see an orc wizard and 2 orcs.

Vanquished Creatures
  A black bear (D:5)
  3 phantoms
  2 hounds
  A jelly (D:5)
  Jessica (D:2)
  Ijyb (D:5)
  A sleepcap (D:5)
  An orc wizard (D:6)
  7 gnolls (D:4)
  11 adders
  2 dart slugs (D:1)
  5 orcs
  6 ball pythons
  8 bats
  11 endoplasms
  5 giant cockroaches
  4 goblins
  9 hobgoblins
  6 quokkas
  3 training dummies (D:5)
  4 frilled lizards
  4 kobolds
  4 rats
100 creatures vanquished.

Vanquished Creatures (others)
  2 orc wizards
2 creatures vanquished.

Grand Total: 102 creatures vanquished

Notes
Turn   | Place    | Note
-------+----------+-------------------------------------------
     0 | D:1      | Think the Octopode Fighter began the quest for the Orb.
     0 | D:1      | Reached XP level 1. HP: 16/16 MP: 1/1
    74 | D:1      | Reached XP level 2. HP: 21/21 MP: 2/2
   301 | D:1      | Reached skill level 4 in Dodging
   512 | D:1      | Reached XP level 3. HP: 25/26 MP: 3/3
  1054 | D:2      | Noticed Jessica
  1063 | D:2      | Killed Jessica
  1064 | D:2      | Reached XP level 4. HP: 27/31 MP: 4/4
  1089 | D:2      | Found Vocwam's Magic Scroll Shop.
  1098 | D:2      | Reached skill level 5 in Dodging
  1515 | D:2      | Found Vepnuco's Antique Armour Boutique.
  1653 | D:2      | Found Cuihilie's Weapon Shoppe.
  2022 | D:3      | Reached XP level 5. HP: 36/36 MP: 5/5
  2448 | D:4      | Found a staircase to the Ecumenical Temple.
  2544 | Temple   | Entered the Ecumenical Temple
  2562 | Temple   | Became a worshipper of Elyvilon the Healer
  2682 | D:4      | Reached skill level 6 in Dodging
  2790 | D:4      | Reached XP level 6. HP: 31/42 MP: 6/6
  3322 | D:4      | Found Isyjur's Jewellery Emporium.
  3431 | D:5      | Entered Level 5 of the Dungeon
  3445 | D:5      | Reached * piety under Elyvilon
  3485 | D:5      | Reached skill level 7 in Dodging
  3759 | D:5      | Noticed Ijyb
  3764 | D:5      | Killed Ijyb
  3765 | D:5      | Reached XP level 7. HP: 46/46 MP: 7/7
  3889 | D:5      | Reached skill level 8 in Dodging
  4173 | D:5      | Found Voskis's Firing Range.
  4335 | D:5      | Reached ** piety under Elyvilon
  4754 | D:6      | Found a runed translucent gate.
  4754 | D:6      | Found a hide-covered altar of Uskayaw.
  4755 | D:6      | Found a runed translucent gate.
  4756 | D:6      | Noticed a yak
  4757 | D:6      | Found a runed translucent gate.
  4757 | D:6      | Noticed Caerwyn's ghost (novice KoEn)
  4765 | D:6      | Found an iron altar of Okawaru.
  4768 | D:6      | Noticed a kobold demonologist
  5013 | D:6      | HP: 2/46 [orc wizard/magic dart (8)]
  5016 | D:6      | Elyvilon protects you from harm!
  5017 | D:6      | Slain by an orc wizard

Illustrated notes

Levels and vault maps discovered:
D:1:      amcnicky_arrival_feature_with_door, layout_basic, minmay_pentomino_s4
D:2:      layout_basic, serial_shops, nicolae_shop_bloodbath_and_beyond, shop,
          shop, reono_crystal_passage, uniq_jessica
D:3:      layout_rooms
D:4:      layout_rooms, minmay_temple_entry_statues_pillars, serial_shops,
          nicolae_shop_statue_plus
D:5:      cheibrodos_helix_gallery, layout_loops_corners,
          nicolae_shop_firing_range, uniq_ijyb
D:6:      layout_basic, mainiacjoe_overflow_catwalk_spiral,
          gammafunk_ghost_split, uniq_grinder
Temple:   hellmonk_temple_of_storms

Skill      XL: |  1  2  3  4  5  6  7 |
---------------+----------------------+-----
Dodging        | 4 5 6 7 8 |  8.0
Long Blades    | 4 |  4.8
Fighting       | |  3.0
Shields        | |  3.0

Action                     |  1- 3 |  4- 6 |  7- 9 || total
---------------------------+-------+-------+-------++-------
  Melee: Long sword        |    54 |   109 |    67 ||   230
         Constrict         |    13 |    22 |     8 ||    43
         Tentacles         |     7 |    17 |     6 ||    30
         Punch             |     1 |       |     2 ||     3
  Throw: Dart              |       |       |     5 ||     5
         Throwing net      |       |       |     1 ||     1
    Use: Scroll            |     4 |     5 |       ||     9
         Potion            |     1 |     6 |     3 ||    10
   Stab: Sleeping          |    10 |    10 |     2 ||    22
         Distracted        |       |     1 |       ||     1
 Armour: Skin              |     7 |     1 |     2 ||    10
  Dodge: Dodged            |    30 |    83 |    36 ||   149
  Block: Buckler           |     8 |    23 |    14 ||    45

Table legend: (Time is in decaauts)
 A = Elapsed time spent in this place.
 B = Non-inter-level travel time spent in this place.
 C = Inter-level travel time spent in this place.
 D = Time resting spent in this place.
 E = Time spent auto-exploring this place.
 F = Levels seen in this place.
 G = Mean time per level.
                   A        B        C        D        E       F      G
               +--------+--------+--------+--------+--------+-----+--------+
         Total |   5093 |   4821 |    272 |    703 |   3238 |   7 |  727.6 |
       Dungeon |   5056 |   4802 |    254 |    703 |   3233 |   6 |  842.7 |
        Temple |     36 |     18 |     18 |      0 |      5 |   1 |   36.0 |
               +--------+--------+--------+--------+--------+-----+--------+

Top non-repeatable levels by time:
     D:5: 1144 daAuts
     D:1: 1016 daAuts
     D:4: 991 daAuts
     D:2: 930 daAuts
     D:3: 511 daAuts
     D:6: 462 daAuts
  Temple: 36 daAuts
